 Dungeon Crawl Stone Soup version 0.28.0-47-ge53b351184 (webtiles) character file.

Game seed: 3681212227021103991

14919 enile the Alchemist (level 12, -5/138 HPs)
             Began as a Merfolk Transmuter on May 7, 2022.
             Was a High Priest of Wu Jian.
             Slain by Sonja
             ... wielding a +2 short sword of distortion
              (20 damage)
             ... on level 3 of the Lair of Beasts.
             The game lasted 00:27:23 (15093 turns).

enile the Alchemist (Merfolk Transmuter)           Turns: 15093, Time: 00:27:24

Health: -5/138     AC: 26    Str: 14    XL:     12   Next: 21%
Magic:  18/18      EV:  2    Int: 14    God:    Wu Jian [*****.]
Gold:   644        SH:  0    Dex: 16    Spells: 18/19 levels left

rFire   . . .      SeeInvis .   q - +8 rapier of Niedwit {elec, rElec rF- Dex+2}
rCold   . . .      Faith    .   (no shield)
rNeg    . . .      Spirit   .   (armour currently unavailable)
rPois   +          Reflect  .   (helmet currently unavailable)
rElec   +          Harm     .   (cloak currently unavailable)
rCorr   .          Rampage  .   (gloves currently unavailable)
Will    .....      NoTele   +   (boots currently unavailable)
Stlth   ++++......              (no amulet)
HPRegen 0.33/turn               F - ring of protection from fire
MPRegen 0.16/turn               E - +4 ring of evasion

@: tree-form, attractive, slowed, very slow
A: stationary, stasis, torment immunity, boosted hp, (nimble swimmer 2),
(mertail)
a: Renounce Religion, Wall Jump, Serpent's Lash, Heavenly Storm


You were on level 3 of the Lair of Beasts.
You worshipped Wu Jian.
Wu Jian was extremely pleased with you.
You were a tree.
You visited 2 branches of the dungeon, and saw 11 of its levels.

You collected 833 gold pieces.
You spent 189 gold pieces at shops.

Inventory:

Hand Weapons
 q - the +8 rapier of Niedwit (weapon) {elec, rElec rF- Dex+2}
   (You found it on level 3 of the Dungeon)

   It occasionally discharges a powerful burst of electricity upon striking a
   foe.
   Dex:       It affects your dexterity (+2).
   rF:        It makes you vulnerable to fire.
   rElec:     It insulates you from electricity.
 H - a +1 great sword
 J - a +2 double sword of holy wrath
Armour
 a - a +1 robe
 f - a +3 leather armour
 k - a +2 cloak (melded)
 u - an orb of energy
 G - the +2 scale mail of the Amoeba (melded) {Harm +Blink rElec}
   (You found it on level 7 of the Dungeon)

   rElec:     It insulates you from electricity.
   +Blink:    It lets you blink.
   Harm:      It increases damage dealt and taken.
 I - a +0 kite shield
 M - a +2 robe of positive energy
 R - a +3 scale mail of willpower
Jewellery
 l - a ring of flight
 o - a ring of protection from cold
 E - a +4 ring of evasion (right branch)
 F - a ring of protection from fire (left branch)
 Q - a ring of wizardry
Wands
 y - a wand of iceblast (10)
 D - a wand of acid (7)
 L - a wand of polymorph (5)
 P - a wand of flame (7)
 S - a wand of mindburst (4)
Scrolls
 g - 4 scrolls of amnesia
 j - 2 scrolls of identify
 n - 5 scrolls of teleportation
 p - 3 scrolls of immolation
 r - a scroll of fear
 v - 2 scrolls of noise
 z - 4 scrolls of enchant armour
 B - 2 scrolls of fog
 K - a scroll of summoning
 N - a scroll of enchant weapon
 U - a scroll of torment
Potions
 b - a potion of experience {unknown}
 e - 2 potions of lignification
 h - a potion of brilliance {unknown}
 i - a potion of magic {unknown}
 m - a potion of berserk rage {unknown}
 s - 4 potions of flight
 t - 2 potions of might {unknown}
 w - a potion of cancellation {unknown}
 x - 7 potions of curing
 A - a potion of invisibility {unknown}
 C - 2 potions of heal wounds
 O - a potion of resistance {unknown}
Miscellaneous
 T - a piece from Xom's chessboard (13/15)


   Skills:
 - Level 8.0 Fighting
 - Level 6.9(7.0) Short Blades
 - Level 1.0(4.0) Long Blades
 - Level 2.0 Armour
 + Level 9.4 Dodging
 - Level 7.0 Stealth
 - Level 3.2 Unarmed Combat
 - Level 4.0 Spellcasting
 - Level 16.0 Transmutations
 - Level 6.0 Evocations


You had 18 spell levels left.
You knew the following spells:

 Your Spells              Type           Power      Damage    Failure   Level
a - Beastly Appendage     Tmut           94%        N/A       1%          1

Your spell library contained the following spells:

 Spells                   Type           Power      Damage    Failure   Level
 Sting                    Tmut/Pois      100%       1d8       1%          1
 Wereblood                Tmut           47%        N/A       1%          2
 Spider Form              Tmut/Pois      25%        N/A       2%          3
 Ice Form                 Ice/Tmut       25%        N/A       7%          4
 Animate Skeleton         Necr           4%         N/A       19%         1
 Apportation              Tloc           4%         N/A       19%         1
 Pain                     Necr           8%         1d4       19%         1
 Summon Small Mammal      Summ           8%         N/A       19%         1
 Dragon Form              Tmut           23%        N/A       22%         7
 Poisonous Vapours        Pois/Air       4%         N/A       28%         2
 Gell's Gravitas          Tloc           2%         N/A       50%         3
 Teleport Other           Tloc           2%         N/A       50%         3
 Vampiric Draining        Necr           2%         2d6       50%         3
 Airstrike                Air            1%         N/A       88%         4
 Cause Fear               Hex            1%         N/A       88%         4
 Olgreb's Toxic Radiance  Pois           2%         N/A       88%         4
 Summon Lightning Spire   Summ/Air       2%         N/A       88%         4
 Lightning Bolt           Conj/Air       1%         1d12      99%         5
 Dispersal                Tloc           1%         N/A       100%        6
 Malign Gateway           Summ/Tloc      1%         N/A       100%        7
 Summon Horrible Things   Summ           1%         N/A       100%        8
 Dragon's Call            Summ           1%         N/A       100%        9


Dungeon Overview and Level Annotations

Branches:
Dungeon (8/15)             Temple (0/1) D:4            Lair (3/6) D:8
 Shoals (0/4) Lair:2
  Snake: Lair:2-4    Spider: Lair:2-4

Altars:
Cheibriados
Hepliaklqana
Okawaru
Vehumet
Wu Jian
Xom
Yredelemnul
The Shining One
Jiyva

Shops:
D:2 (   D:3 (![(   D:5 =*:

Annotations:
D:4 Prince Ribbit
Lair:3 Sonja


Innate Abilities, Weirdness & Mutations

You are a tree.
Your roots penetrate the ground, keeping you stationary.
You cannot be teleported.
You are immune to unholy pain and torment.
Your maximum health is greatly increased.
Your equipment is partially melded.
((You are very nimble when in or above water. (Stealth+, EV+, Speed+++)))
((Your lower body shifts to a powerful aquatic tail in water.))


Message History

Really quaff the potion of attraction? [Y]es or [N]o only, please.
Really quaff the potion of attraction?
You feel attractive to monsters.
You feel sick.
You hit Sonja.
Sonja is lightly wounded.
You feel sick. Sonja hits you but does no damage. Space warps around you.
Sonja hits you but does no damage. Space warps horribly around you!!
Sonja hits you but does no damage. Space warps horribly around you!
Sonja hits you but does no damage. x3; Space warps horribly around you!
* * * LOW HITPOINT WARNING * * *
Okay, then.
Throw: throwing net
Press: ? - help, Q - select action, (/) - cycle Shift-Dir - straight line, f/p - Sonja
Aim: Sonja, wielding a +2 short sword of distortion and quivering curare-tipped darts (lightly wounded, 18% to hit)
You throw a throwing net. The throwing net closely misses Sonja.
You feel sick.
Sonja hits you with a +2 short sword of distortion.
* * * LOW HITPOINT WARNING * * *
Space warps around you.
* * * LOW HITPOINT WARNING * * *
Sonja hits you with a +2 short sword of distortion.
* * * LOW HITPOINT WARNING * * *
Sonja hits you with a +2 short sword of distortion.
* * * LOW HITPOINT WARNING * * *
Space warps around you.
* * * LOW HITPOINT WARNING * * *
Sonja gestures wildly while chanting.
Sonja blinks!
Sonja is attracted toward you.
Okay, then.
You feel much better.
You feel sick.
You are no longer poisoned.
Sonja hits you but does no damage. Space warps horribly around you!!
* * * LOW HITPOINT WARNING * * *
Sonja hits you but does no damage. x2
Sonja hits you with a +2 short sword of distortion.
* * * LOW HITPOINT WARNING * * *
Space warps horribly around you!!
You die...

##.# ### #.# #..# ##.## ##.##
#...# # ##..# ##.## .. #..##
#..# ...#.###...# ##.# ###
..........## ##§.## ###.#
#..........## ###.#.P###..###
P...PP..##.P## #♣K...........#
#P..##.##....###§#...P#.#.P#.#
#.. ## ##..###...##..######.##
.. l##.#.#.........P# #....# #
....?...##(.....## ###.##
#P###...##....!.# ##.#
#...###..#....# #..##
##......(......##P#...### .##
....P...............


You could see Sonja.

Vanquished Creatures
  Harold (Lair:2)
  Erica (D:8)
  Urug (Lair:2)
  Pikel (D:5)
  3 cane toads
  A black mamba (Lair:2)
  6 komodo dragons
  A hornet (D:7)
  3 blink frogs (Lair:1)
  Grinder (D:5)
  A snapping turtle (Lair:2)
  Sigmund (D:2)
  12 yaks
  A wyvern (D:8)
  2 steam dragons (D:6)
  2 basilisks
  18 water moccasins
  3 ice beasts
  2 orc warriors
  A sky beast (D:5)
  3 ogres
  A black bear (D:4)
  5 wolves (Lair:2)
  3 centaurs
  3 phantoms
  4 bullfrogs
  6 scorpions
  A wyvern skeleton (D:7)
  12 wights
  3 lava snakes (D:7)
  3 bullfrog zombies
  4 jellies (D:8)
  A bullfrog skeleton (D:7)
  2 centaur skeletons (D:6)
  4 hounds
  An orc priest (D:8)
  Jessica (D:2)
  8 hell rats (Lair:2)
  3 iguanas
  9 orc wizards
  A hound skeleton (D:4)
  A howler monkey zombie (D:7)
  23 adders
  14 river rats (Lair:2)
  A shadow imp (D:7)
  A white imp (D:6)
  A worm (D:8)
  13 orcs
  4 bats
  7 endoplasms
  2 giant cockroaches (D:3)
  4 goblins
  8 hobgoblins
  8 jackals
  5 kobolds
  7 quokkas
  4 ball pythons
  3 frilled lizards
  16 rats
  A spectral orc (D:5)
263 creatures vanquished.

Vanquished Creatures (others)
  4 fungi (Lair:3)
  A plant (Lair:3)
5 creatures vanquished.

Grand Total: 268 creatures vanquished

Notes
Turn   | Place    | Note
-------+----------+-------------------------------------------
     0 | D:1      | enile the Merfolk Transmuter began the quest for the Orb.
     0 | D:1      | Reached XP level 1. HP: 15/15 MP: 3/3
   148 | D:1      | Reached skill level 3 in Transmutations
   305 | D:1      | Found a faded altar of an unknown god.
   404 | D:1      | Reached XP level 2. HP: 21/21 MP: 3/5
   623 | D:1      | Reached skill level 4 in Transmutations
  1078 | D:1      | You fall into a shaft and drop 1 floor!
  1280 | D:2      | Noticed Sigmund
  1322 | D:2      | Killed Sigmund
  1323 | D:2      | Reached skill level 5 in Transmutations
  1323 | D:2      | Reached XP level 3. HP: 18/29 MP: 4/7
  1323 | D:2      | Reached XP level 4. HP: 21/35 MP: 4/8
  1323 | D:2      | Reached XP level 5. HP: 25/41 MP: 4/9
  1776 | D:1      | Prayed at the altar of an unknown god.
  1776 | D:1      | Became a worshipper of the Wu Jian Council
  1776 | D:1      | Reached * piety under Wu Jian
  1918 | D:2      | Found Ekubroh's Weapon Shop.
  1921 | D:2      | Noticed Jessica
  1935 | D:2      | Killed Jessica
  2442 | D:3      | Found Quxkiteg's Distillery.
  2457 | D:3      | Bought a potion of curing for 39 gold pieces
  2515 | D:3      | Reached XP level 6. HP: 48/48 MP: 10/10
  2912 | D:3      | Identified the +8 rapier of Niedwit {elec, rElec rF- Dex+2}
  2960 | D:3      | Found Fasirphozo's Antique Weapon Shoppe.
  3387 | D:3      | Reached skill level 1 in Long Blades
  3462 | D:3      | Found Misofie's Armour Boutique.
  3476 | D:3      | Found Hetwit's Antique Weapon Boutique.
  3979 | D:4      | Reached ** piety under Wu Jian
  4082 | D:4      | Reached skill level 5 in Fighting
  4082 | D:4      | Reached XP level 7. HP: 45/56 MP: 11/11
  4506 | D:4      | Found a staircase to the Ecumenical Temple.
  4517 | D:4      | Reached skill level 6 in Transmutations
  4650 | D:5      | Entered Level 5 of the Dungeon
  4650 | D:5      | Noticed Prince Ribbit
  5036 | D:5      | Reached skill level 7 in Transmutations
  5036 | D:5      | Reached XP level 8. HP: 64/64 MP: 10/12
  5154 | D:5      | Found a hazy altar of Hepliaklqana.
  5183 | D:5      | Found Gezxiemp's Jewellery Boutique.
  5220 | D:5      | Reached skill level 8 in Transmutations
  5338 | D:5      | Found Xaogog's Book Emporium.
  5449 | D:5      | Noticed Pikel
  5454 | D:5      | Noticed Grinder
  5462 | D:5      | Killed Pikel
  5463 | D:5      | Reached skill level 5 in Dodging
  5463 | D:5      | Reached skill level 9 in Transmutations
  5469 | D:5      | Killed Grinder
  5470 | D:5      | Reached skill level 10 in Transmutations
  5470 | D:5      | Reached XP level 9. HP: 56/69 MP: 13/13
  5643 | D:5      | Found Ibenif's Assorted Antiques.
  5648 | D:5      | Bought a wooden ring for 125 gold pieces
  5648 | D:5      | Bought a scroll labelled BAXZIEPPAOTE for 25 gold pieces
  5664 | D:5      | Found a basalt altar of Yredelemnul.
  5828 | D:5      | Reached skill level 11 in Transmutations
  6331 | D:5      | Reached skill level 1 in Stealth
  6892 | D:6      | Reached skill level 12 in Transmutations
  7048 | D:6      | Reached *** piety under Wu Jian
  7049 | D:6      | Reached XP level 10. HP: 74/76 MP: 16/16
  7504 | D:7      | Found a shimmering altar of Xom.
  7526 | D:7      | Found an iron altar of Okawaru.
  7527 | D:7      | Found a radiant altar of Vehumet.
  7555 | D:7      | Reached skill level 13 in Transmutations
  7555 | D:7      | Reached skill level 5 in Short Blades
  8079 | D:7      | Identified the +2 scale mail of the Amoeba {Harm +Blink
                  | rElec}
  8339 | D:7      | Paralysed by a hornet for 1 turns
  8518 | D:7      | Found a glowing golden altar of the Shining One.
  9142 | D:8      | Reached skill level 1 in Armour
  9150 | D:7      | Reached **** piety under Wu Jian
  9433 | D:8      | Found a viscous altar of Jiyva.
  9841 | D:8      | Reached skill level 5 in Stealth
 10020 | D:8      | Found a snail-covered altar of Cheibriados.
 10124 | D:8      | Noticed Erica
 10136 | D:8      | Killed Erica
 10137 | D:8      | Reached XP level 11. HP: 85/86 MP: 17/17
 10329 | D:8      | Found a staircase to the Lair.
 10343 | Lair:1   | Entered Level 1 of the Lair of Beasts
 10431 | Lair:1   | Reached skill level 5 in Evocations
 11755 | Lair:1   | Reached skill level 14 in Transmutations
 11943 | Lair:1   | Reached ***** piety under Wu Jian
 11969 | Lair:1   | Reached skill level 15 in Transmutations
 12735 | Lair:2   | Noticed Urug
 12757 | Lair:2   | Killed Urug
 12888 | Lair:2   | Noticed Harold
 12905 | Lair:2   | Killed Harold
 12906 | Lair:2   | Reached skill level 16 in Transmutations
 12906 | Lair:2   | Reached XP level 12. HP: 55/92 MP: 16/18
 13675 | Lair:2   | Found a staircase to the Shoals.
 14639 | Lair:3   | Noticed an eight-headed hydra
 14924 | Lair:3   | Noticed a quicksilver ooze
 14924 | Lair:3   | an eight-headed hydra changed into a quicksilver ooze
 15037 | Lair:3   | Noticed Sonja
 15093 | Lair:3   | Slain by Sonja

Illustrated notes

Levels and vault maps discovered:
D:1:      dpeg_arrival_arbitrary_c, layout_basic,
          nicolae_ecumenical_lake_church, minmay_ruptured
D:2:      layout_loops_ring, serial_shops, nicolae_shop_crystal,
          roderic_st_hans_cross, uniq_jessica, uniq_sigmund
D:3:      layout_basic, serial_shops, shop, shop, shop_fountains, shop,
          minmay_randomly_rotated_circles
D:4:      layout_rooms, minmay_temple_entry_poolview
D:5:      layout_loops_ring, yredelemnul_forgotten_temple_becter,
          mainiacjoe_overflow_cross_hatched, serial_shops, nicolae_shop_stone,
          nicolae_square_shop, shop, uniq_grinder, uniq_prince_ribbit1,
          uniq_pikel
D:6:      cheibrodos_steamvent, layout_basic
D:7:      layout_loops_ring, nicolae_tso_carved_into_rock, minitemple,
          kennysheep_dice
D:8:      layout_rooms, slow_altar_1, lair_entry_dummy, jiyva_altar_1,
          uniq_erica
Lair:1:   lemuel_reptile_caves, layout_regular_city, serial_bayou_pond_d,
          infiniplex_staircase_pool_2, grunt_megastairs_4
Lair:2:   lemuel_ratsnest, layout_cave_pods, minmay_shoals_entry_hut, uniq_urug,
          uniq_harold
Lair:3:   layout_loops_ring, nicolae_spider_entry_non_spiders,
          grunt_megastairs_2, uniq_sonja

Skill      XL: |  1  2  3  4  5  6  7  8  9 10 11 12 |
---------------+-------------------------------------+-----
Transmutations | 3 5 7 10 12 13 16 | 16.0
Fighting       | 3 5 6 8 |  8.0
Short Blades   | 2 3 4 6 |  6.9
Spellcasting   | 3 4 |  4.0
Long Blades    | 1 |  1.0
Dodging        | 5 7 9 |  9.4
Stealth        | 4 6 7 |  7.0
Armour         | 2 |  2.0
Evocations     | 2 6 |  6.0
Unarmed Combat | |  3.2

Action                   |  1- 3 |  4- 6 |  7- 9 | 10-12 || total
-------------------------+-------+-------+-------+-------++-------
Melee: Dagger            |    63 |   119 |       |       ||   182
       Unarmed           |     9 |       |       |     7 ||    16
       Punch             |     3 |       |     4 |    13 ||    20
       Headbutt          |     6 |    15 |    33 |    55 ||   109
       Rapier            |       |    21 |   153 |   424 ||   598
       Tailslap          |       |       |       |     6 ||     6
Throw: Javelin           |     2 |     4 |     6 |     4 ||    16
       Throwing net      |       |       |       |     6 ||     6
 Cast: Beastly Appendage |    15 |    13 |    30 |    48 ||   106
Invok: Whirlwind         |       |    14 |     2 |    27 ||    43
       Lunge             |       |    12 |    11 |    26 ||    49
 Abil: Wall Jump         |       |       |     1 |     1 ||     2
       Evoke Blink       |       |       |       |     6 ||     6
Evoke: Wand              |       |       |       |    13 ||    13
       Piece from Xom's  |       |       |       |     2 ||     2
  Use: Scroll            |     2 |     1 |     3 |    10 ||    16
       Potion            |     1 |       |     1 |     6 ||     8
 Stab: Sleeping          |       |     1 |     1 |     6 ||     8
       Confused          |       |       |       |     3 ||     3
       Held in net/web   |       |       |       |     1 ||     1
Armor: Robe              |    13 |       |       |       ||    13
       Leather armour    |       |    48 |    37 |    17 ||   102
       Scale mail        |       |       |       |    88 ||    88
       Skin              |       |       |       |    12 ||    12
Dodge: Dodged            |    51 |   101 |    80 |   287 ||   519
